 Dungeon Crawl Stone Soup version 0.27-a0-1548-gf8a67e7463 (webtiles) character file.

Game seed: 12278240048792091187

252 Swapper the Chopper (level 5, 47/47 HPs)
             Began as a Minotaur Berserker on July 12, 2021.
             Was a Believer of Trog.
             Quit the game on level 3 of the Dungeon on July 13, 2021.
             The game lasted 00:30:27 (2214 turns).

Swapper the Chopper (Minotaur Berserker)            Turns: 2214, Time: 00:30:28

Health: 47/47      AC:  5    Str: 23    XL:     5   Next: 89%
Magic:  4/4        EV: 11    Int: 10    God:    Trog [**....]
Gold:   117        SH:  0    Dex:  9    Spells: 4/4 levels left

rFire    . . .     SeeInvis .   a - +0 hand axe
rCold    . . .     Faith    .   (no shield)
rNeg     . . .     Spirit   .   d - +0 ring mail
rPois    .         Reflect  .   (helmet restricted)
rElec    .         Harm     .   (no cloak)
rCorr    .         Rampage  .   (no gloves)
Will     .....                  (no boots)
Stlth    ..........             (no amulet)
HPRegen  0.15/turn              e - +6 ring of intelligence
MPRegen  0.09/turn              (no ring)

@: no status effects
A: horns 2, retaliatory headbutt
a: Renounce Religion, Berserk, Trog's Hand


You were on level 3 of the Dungeon.
You worshipped Trog.
Trog was pleased with you.
You visited 1 branch of the dungeon, and saw 3 of its levels.

You collected 117 gold pieces.

Inventory:

Hand Weapons
 a - a +0 hand axe (weapon)
Missiles
 p - 2 throwing nets
 r - 11 poisoned darts (quivered)
Armour
 d - a +0 ring mail (worn)
Jewellery
 e - a +6 ring of intelligence (left hand)
 q - a ring of see invisible
Wands
 n - a wand of iceblast (7)
Scrolls
 b - 2 scrolls of identify {unknown}
 c - 2 scrolls of teleportation {unknown}
 f - a scroll of brand weapon {unknown}
 g - a scroll of amnesia {unknown}
 k - a scroll of magic mapping {unknown}
 l - a scroll of vulnerability {unknown}
Potions
 h - a potion of heal wounds {unknown}
 i - a potion of curing {unknown}
 j - 2 potions of brilliance {unknown}
 m - a potion of cancellation {unknown}
 o - a potion of degeneration {unknown}


   Skills:
 + Level 4.8 Fighting
 * Level 5.7 Axes
 + Level 4.0 Armour
 + Level 3.5 Dodging


You had 4 spell levels left.
You didn't know any spells.
Your spell library was empty.

Dungeon Overview and Level Annotations

Branches:
Dungeon (3/15)

Altars:
Vehumet
The Shining One


Innate Abilities, Weirdness & Mutations

You have a pair of horns on your head.
You reflexively headbutt those who attack you in melee.


Message History

An endoplasm comes into view.
The endoplasm quivers.
The endoplasm freezes you.
You are frozen.
You hit the endoplasm. You headbutt the endoplasm.
You kill the endoplasm!
Trog accepts your kill.
An orc comes into view. It is wielding a +0 hand axe.
Press: ? - help, v - describe, . - travel
Here: an orc, wielding a +0 hand axe The floor.
You hit the orc.
The orc is heavily wounded.
The orc hits you with a +0 hand axe.
You hit the orc.
You kill the orc!
Trog accepts your kill.
You see here a +0 hand axe.
There is an open door here.
Found a stone staircase leading down.
Found a small steel ring.
There is a stone staircase leading down here.
Found a war axe and 11 poisoned darts.
q - a ring of see invisible You see here a +0 war axe.
You see here 11 poisoned darts.
You see here a +0 war axe.
You see here 11 poisoned darts.
r - 11 poisoned darts You see here a +0 war axe.
You drop 7 boomerangs.
Found a radiant altar of Vehumet.
Found a scroll labelled VILLYMNIO TYOS.
g - a scroll labelled VILLYMNIO TYOS Why would you want to do that?
Found a stone staircase leading up.
Welcome back, Swapper the Minotaur Berserker.
Trog says: Kill them all!
Press ? for a list of commands and other information.
Are you sure you want to abandon this character and quit the game? (Confirm with "yes".)

### ##########
#........#
#.#####.##
#.#...#.#
#.#.###.#
#.#.....#
#.#.##### #.#@#
#.#.# #.#.# #.#.#
#.#.#
##############.#.#
...............#<#
##################


There were no monsters in sight!

Vanquished Creatures
  Purgy (D:3)
  Ijyb (D:3)
  8 gnolls (D:3)
  An adder (D:2)
  3 dart slugs
  An orc (D:3)
  A ball python (D:3)
  2 endoplasms (D:3)
  3 giant cockroaches
  3 hobgoblins
  4 jackals (D:2)
  7 kobolds
  2 quokkas
  4 bats
  2 frilled lizards (D:2)
  2 goblins (D:3)
  2 rats (D:1)
47 creatures vanquished.

Notes
Turn   | Place    | Note
-------+----------+-------------------------------------------
     0 | D:1      | Swapper the Minotaur Berserker began the quest for the Orb.
     0 | D:1      | Reached XP level 1. HP: 19/19 MP: 0/0
     0 | D:1      | Upgraded the game from 0.27-a0-1529-g1e82c303ef to
                  | 0.27-a0-1548-gf8a67e7463
   384 | D:2      | Reached XP level 2. HP: 27/27 MP: 1/1
   390 | D:2      | Reached skill level 4 in Axes
   419 | D:2      | Found a faded altar of an unknown god.
   617 | D:2      | Reached XP level 3. HP: 30/33 MP: 2/2
  1158 | D:3      | Found a glowing golden altar of the Shining One.
  1231 | D:3      | Noticed Ijyb
  1239 | D:3      | Killed Ijyb
  1343 | D:3      | Noticed Purgy
  1348 | D:3      | Reached ** piety under Trog
  1350 | D:3      | Reached XP level 4. HP: 40/40 MP: 3/3
  1357 | D:3      | Killed Purgy
  1358 | D:3      | Reached skill level 5 in Axes
  1358 | D:3      | Reached XP level 5. HP: 47/47 MP: 4/4
  2067 | D:3      | Found a radiant altar of Vehumet.
  2214 | D:3      | Quit the game

Illustrated notes

Levels and vault maps discovered:
D:1:      pf_arrival_petrified_forest, layout_rooms, nrook_campfire
D:2:      layout_basic, dreamdust_ecumenical_altar_statues, serial_rivers,
          chequers_serial_rivers_marsh, chequers_serial_rivers_small_3,
          chequers_serial_rivers_room_b, chequers_serial_rivers_large_b,
          chequers_serial_rivers_micro_d, chequers_serial_rivers_micro_c,
          dk_noncrumbling_2, chequers_serial_rivers_micro_d
D:3:      layout_basic, nicolae_overflow_crystal_walls,
          mainiacjoe_overflow_brackets, nrook_loot_triangle, uniq_ijyb,
          uniq_purgy

Skill      XL: |  1  2  3  4  5 |
---------------+----------------+-----
Axes           | 4 5 |  5.7
Fighting       | 4 |  4.8
Armour         | 3 4 |  4.0
Dodging        | 3 |  3.5

Action                   |  1- 3 |  4- 6 || total
-------------------------+-------+-------++-------
Melee: Hand axe          |    73 |    45 ||   118
       Headbutt          |     8 |     9 ||    17
Throw: Boomerang         |     3 |     3 ||     6
Invok: Berserk           |       |     2 ||     2
Armor: Ring mail         |    33 |     6 ||    39
Dodge: Dodged            |    45 |    34 ||    79

Table legend: (Time is in decaauts)
 A = Elapsed time spent in this place.
 B = Non-inter-level travel time spent in this place.
 C = Inter-level travel time spent in this place.
 D = Time resting spent in this place.
 E = Time spent auto-exploring this place.
 F = Levels seen in this place.
 G = Mean time per level.
                   A        B        C        D        E       F      G
               +--------+--------+--------+--------+--------+-----+--------+
         Total |   2275 |   2264 |     11 |    303 |    627 |   3 |  758.3 |
       Dungeon |   2275 |   2264 |     11 |    303 |    627 |   3 |  758.3 |
               +--------+--------+--------+--------+--------+-----+--------+

Top non-repeatable levels by time:
     D:3: 1110 daAuts
     D:2: 799 daAuts
     D:1: 365 daAuts
